AoeStats
← Mr. Penis

Arena

505463200Analyzed
4v4 RM · 22d ago on Sep 9, 2026· 39m 57s· 8 players
Game mode
Random Map
Map size
Large (8 player)
Population
200
Speed
Normal
Resources
Standard
Victory
Conquest
Starting age
Dark Age
Ending age
Imperial Age
RankedLock teamsTeams togetherTeam positionsShared explorationLock speedFull tech treeHidden civsTurbo modeCheats
Victory
Defeat
🇨🇳 Portuguese · China
1432
+9
🇨🇳 Persians · China
1410
+10
🇷🇺 Jurchens · Russia
1212
+18
🇩🇪 Italians · Germany
884
+103
🇹🇼 Turks · Taiwan
1287
-17
🇲🇽 Khmer · Mexico
1269
-18
🇹🇼 Ethiopians · Taiwan
1238
-16
🇹🇼 Franks · Taiwan
1219
-15
泼水爱好者
10:32 Feudal Age
14:48 Castle Age
13:00 Horse Collar
14:11 Double-Bit Axe
15:30 Heavy Plow
20:51 Bow Saw
23:03 Gold Mining
23:59 Wheelbarrow
23:11 Loom
23:12 Town Watch
23:37 Stone Mining
26:57 Stone Shaft Mining
26:58 Gold Shaft Mining
26:48 Hand Cart
29:43 Imperial Age
28:19 Scale Barding Armor
29:34 Chain Barding Armor
30:31 Conscription
30:48 Plate Barding Armor
30:24 Forging
30:17 Husbandry
30:28 Bloodlines
31:40 Two-Man Saw
31:11 Crop Rotation
31:05 Elite War Elephant
32:59 Devotion
35:49 Iron Casting
37:25 Blast Furnace
Schwachkopf
11:10 Feudal Age
14:48 Castle Age
13:13 Horse Collar
14:57 Double-Bit Axe
19:05 Heavy Plow
19:20 Bow Saw
22:35 Bloodlines
22:29 Husbandry
28:12 Gold Mining
28:12 Stone Mining
32:05 Imperial Age
29:28 Loom
30:30 Wheelbarrow
30:38 Wheelbarrow
30:38 Forging
31:42 Fletching
33:37 Bodkin Arrow
35:57 Padded Archer Armor
king_of_tc_drop
10:46 Feudal Age
11:57 Horse Collar
12:03 Double-Bit Axe
16:29 Castle Age
17:46 Bow Saw
17:39 Heavy Plow
19:39 Wheelbarrow
20:12 Stone Mining
27:51 Imperial Age
25:13 Town Watch
25:45 Fletching
26:12 Scale Mail Armor
26:22 Forging
27:07 Chain Mail Armor
27:11 Pikeman
28:10 Halberdier
30:45 Chemistry
30:04 Fortified Wall
30:44 Iron Casting
30:20 Loom
31:30 Plate Mail Armor
32:03 Masonry
34:55 Blast Furnace
36:52 Two-Man Saw
36:24 Crop Rotation
36:10 Hand Cart
35:57 Town Patrol
38:25 Siege Engineers
39:22 Gold Mining
39:07 Capped Ram
Mr. Penis
10:47 Feudal Age
15:19 Castle Age
13:32 Horse Collar
13:58 Double-Bit Axe
17:29 Bow Saw
17:38 Fervor
19:04 Sanctity
18:50 Heavy Plow
24:06 Wheelbarrow
23:16 Loom
25:28 Gold Mining
25:28 Stone Mining
28:06 Hand Cart
27:36 Town Watch
30:39 Imperial Age
29:01 Gold Shaft Mining
29:01 Stone Shaft Mining
29:03 Murder Holes
30:15 Town Patrol
30:34 Fortified Wall
30:07 Treadmill Crane
30:40 Fortified Wall
30:41 Masonry
30:37 Siege Engineers
30:52 Ballistics
31:17 Scale Barding Armor
31:23 Forging
32:00 Bloodlines
32:12 Husbandry
32:47 Chain Barding Armor
32:17 Fletching
32:59 Crop Rotation
33:30 Two-Man Saw
32:04 Elite Steppe Lancer
33:40 Conscription
34:32 Iron Casting
37:38 Guilds
38:08 Plate Barding Armor
38:34 Blast Furnace
39:04 Bodkin Arrow
MZTK | ___Jaque_mate
5:52 Loom
8:44 Feudal Age
12:50 Horse Collar
17:17 Castle Age
15:55 Double-Bit Axe
18:23 Heavy Plow
18:35 Bow Saw
24:31 Redemption
24:32 Gold Mining
27:52 Imperial Age
26:08 Wheelbarrow
28:28 Husbandry
29:43 Onager
31:15 Parthian Tactics
cha0300775
10:52 Feudal Age
15:38 Castle Age
15:22 Double-Bit Axe
17:21 Horse Collar
18:22 Town Watch
22:55 Bow Saw
24:35 Wheelbarrow
24:02 Heavy Plow
28:34 Imperial Age
25:50 Loom
25:54 Treadmill Crane
26:21 Gold Mining
26:22 Stone Mining
27:34 Hand Cart
28:10 Gold Shaft Mining
27:40 Fletching
27:51 Padded Archer Armor
29:10 Scale Barding Armor
29:20 Leather Archer Armor
30:40 Chain Barding Armor
31:04 Husbandry
31:14 Bloodlines
33:15 Two-Man Saw
33:39 Ring Archer Armor
36:21 Plate Barding Armor
35:57 Forging
35:47 Scale Mail Armor
35:44 Bodkin Arrow
36:11 Ballistics
36:02 Heavy Camel Rider
37:44 Bracer
39:55 Chain Mail Armor
40:16 Iron Casting
段水流大師兄
11:09 Feudal Age
15:03 Castle Age
13:39 Double-Bit Axe
14:33 Stone Mining
17:42 Loom
20:58 Wheelbarrow
21:30 Gold Mining
23:51 Gold Shaft Mining
29:06 Imperial Age
26:54 Hand Cart
27:59 Scale Barding Armor
28:04 Forging
29:03 Chain Barding Armor
29:08 Husbandry
29:21 Cavalier
30:31 Bow Saw
30:40 Scale Mail Armor
31:18 Plate Barding Armor
31:19 Iron Casting
32:37 Paladin
38:57 Blast Furnace
38:41 Chivalry
39:32 Light Cavalry
yukiro2012
10:19 Feudal Age
13:54 Castle Age
12:13 Double-Bit Axe
15:40 Horse Collar
24:19 Loom
27:47 Imperial Age
25:32 Heavy Plow
25:52 Bow Saw
26:59 Wheelbarrow
26:10 Town Watch
26:21 Fletching
26:28 Gold Mining
26:55 Crossbowman
27:44 Thumb Ring
27:48 Arbalester
28:41 Bodkin Arrow
29:48 Hand Cart
30:58 Chemistry
31:28 Bracer
31:28 Padded Archer Armor
37:00 Illumination
37:26 Gold Shaft Mining
37:42 Conscription
39:27 Masonry
Connection lost

Rejoining the realm…

Still unreachable

The connection could not be restored.

Session expired

The server has moved on; the page needs a fresh start.